[Event "*** Titled Tuesday Blitz"]
[Site "Chess.com"]
[Date "2019.04.02"]
[Round "3"]
[White "alturas_pacificas"]
[Black "Lennis93"]
[Result "0-1"]
[WhiteElo "2271"]
[BlackElo "2350"]
[TimeControl "180+2"]
[EndTime "14:35:24 PDT"]
[Termination "Lennis93 won by resignation"]

1. d4 d5 2. Bf4 c6 3. e3 Nf6 4. Nf3 g6 5. c4 Bg7 6. Nc3 O-O 7.
h3 Nbd7 8. cxd5 Nxd5 9. Nxd5 cxd5 10. Be2 Qb6 11. b3 Nf6 12. Nd2 Bf5 13. O-O Rfc8 14. Rc1 Qa5 15. a4 h6 16. Be5 Rxc1 17. Qxc1 Rc8 18. Qe1 Qc3 19. Nf3 Ne4 20. Qxc3 Nxc3 21. Re1 Nxe2+ 22. Rxe2 f6 23. Bg3 g5 24. Rb2 Rc1+ 25. Kh2 Rc2 26. Rxc2 Bxc2 27. Nd2 Kf7 28. a5 a6 29. Bc7 Ke6 30. b4 Kd7 31. Bb6 Kc6 32.
Bc5 e5 33. Nf3 e4 34. Nd2 f5 35. g3 Kb5 36. Kg2 Bd3 37. Nf1 Kc4 38. Nh2 Kc3 39. Nf1 Kc2 40. Nh2 Kd1 41. Nf1 Ke1 42. Nh2 Be2 43.
Bd6 h5 44. Bc5 g4 45. h4 Bf6 46. Bd6 Bd8 47. Bc5 Bc7 48. Ba7 Bd6 49. Bc5 Bxc5 50. bxc5 Kd2 51. Nf1+ Kc3 52. Kg1 Bxf1 53. Kxf1 Kb4 54.
f3 gxf3 55. Kf2 Kxa5 56. g4 fxg4 57. Kg3 Kb4 0-1

[Event "*** Titled Tuesday Blitz"]
[Site "Chess.com"]
[Date "2019.04.02"]
[Round "3"]
[White "Dare-Dare"]
[Black "Martins-BR"]
[Result "1-0"]
[WhiteElo "2140"]
[BlackElo "2261"]
[TimeControl "180+2"]
[EndTime "14:35:25 PDT"]
[Termination "Dare-Dare won by resignation"]

1. Nf3 f5 2. c4 Nf6 3. Nc3 g6 4. g3 Bg7 5. Bg2 O-O 6. O-O d6 7. b3 e5 8. d3 e4 9. Ne1 exd3 10.
exd3 Nc6 11. Bb2 Ng4 12. Nc2 Nd4 13. Nxd4 Bxd4 14. Qc2 c6 15. Ne2 Bf6 16. h3 Ne5 17. Nd4 Bg7 18. Rae1 f4 19. gxf4 Rxf4 20. Ne2 Rh4 21.
f4 Nf7 22. Bxg7 Kxg7 23. Qc3+ Kg8 24. d4 Bf5 25. Qg3 Rh6 26. d5 c5 27. Nc3 Qf6 28. Ne4 Qd4+ 29. Kh2 Kf8 30. Ng5 Re8 31. Rxe8+ Kxe8 32. Re1+ Kf8 33. Ne6+ Bxe6 34. dxe6 Nh8 35. e7+ Ke8 36.
Qg4 1-0

[Event "*** Titled Tuesday Blitz"]
[Site "Chess.com"]
[Date "2019.04.02"]
[Round "3"]
[White "riconaipe"]
[Black "HiHaruka"]
[Result "1-0"]
[WhiteElo "2408"]
[BlackElo "2233"]
[TimeControl "180+2"]
[EndTime "14:35:27 PDT"]
[Termination "riconaipe won by resignation"]

1. d4 d5 2. c4 c6 3. Nf3 dxc4 4. a4 Nf6 5. Nc3 e6 6. e4 Be7 7. Bxc4 O-O 8. O-O Nbd7 9. Bg5 h6 10. Bf4 Nh5 11.
Be3 Nhf6 12. Qe2 Qc7 13. Rac1 e5 14. d5 cxd5 15. Nxd5 Nxd5 16. Bxd5 Qa5 17. b3 Nf6 18.
Rfd1 Ba3 19. Rc2 Bg4 20. Bxb7 Rab8 21. Bd5 Rfd8 22. Bd2 Qb6 23. Be3 Qa5 24. Bd2 Qb6 25. Bxf7+ Kxf7 26. Nxe5+ Kg8 27. Nxg4 Nxg4 28. Qxg4 Qxb3 29.
Rc7 Qxd1+ 30. Qxd1 Rxd2 31. Qf1 Rbd8 32. Qc4+ Kh7 33.
g3 Rd1+ 34. Kg2 Rc1 35. Qf7 Rxc7 36. Qxc7 Rd4 37. e5 Rxa4 38. Qc2+ 1-0

[Event "*** Titled Tuesday Blitz"]
[Site "Chess.com"]
[Date "2019.04.02"]
[Round "3"]
[White "Maitreia"]
[Black "EvgenyT"]
[Result "0-1"]
[WhiteElo "2682"]
[BlackElo "2954"]
[TimeControl "180+2"]
[EndTime "14:35:28 PDT"]
[Termination "EvgenyT won by resignation"]

1. c4 Nf6 2. g3 e6 3. Bg2 d5 4.
Nf3 Be7 5. O-O O-O 6. b3 b6 7. Bb2 Bb7 8. e3 c5 9. Nc3 Qc8 10.
Qe2 Rd8 11. cxd5 Nxd5 12. Nxd5 Bxd5 13. e4 Bb7 14. d4 Ba6 15. Qe3 Bxf1 16. Rxf1 cxd4 17.
Nxd4 Nc6 18. Nxc6 Qxc6 19. e5 Qc2 20. Bxa8 Qxb2 21. Be4 Qxa2 22. Qf3 g6 23. h4 Qb2 24. Qf4 Qd2 25. Qf3 h5 26. g4 hxg4 27. Qxg4 Qh6 28. h5 Qxh5 29. Qxh5 gxh5 30. Rc1 Bc5 31. Rc4 Rd4 32. Kg2 Rxc4 33. bxc4 Kg7 34. f4 Be3 35.
Kf3 Bc1 36. f5 a5 37. f6+ Kf8 38. Bc6 Bb2 39. Kf4 h4 0-1

[Event "*** Titled Tuesday Blitz"]
[Site "Chess.com"]
[Date "2019.04.02"]
[Round "3"]
[White "maciek_92"]
[Black "PotapovaM"]
[Result "1-0"]
[WhiteElo "2673"]
[BlackElo "2431"]
[TimeControl "180+2"]
[EndTime "14:35:29 PDT"]
[Termination "maciek_92 won by checkmate"]

1. c4 Nf6 2. Nc3 e5 3. g3 d5 4. cxd5 Nxd5 5. Bg2 Nb6 6. e3 Be7 7. Nge2 O-O 8. O-O c6 9. d4 N8d7 10. b3 exd4 11. Nxd4 Ne5 12. Qc2 g6 13. Bb2 Bf6 14. Rad1 Qe7 15. Ne4 Bg7 16. Qc1 Nd5 17. Nc5 Nd7 18.
Ba3 Re8 19. Nce6 Qf6 20. Nxg7 Qxg7 21. e4 Nc7 22. Bb2 Qf8 23. f4 Qc5 24. Qe3 Ne6 25. Kh1 Ndf8 26. Rc1 Qb6 27. f5 Nxd4 28. Bxd4 Qb5 29.
Qh6 Re5 30. a4 Qa5 31. b4 Qc7 32. Rc5 f6 33. fxg6 Nxg6 34. Rxf6 Qe7 35. Rxg6+ hxg6 36. Rxe5 Qxb4 37. Qxg6+ Kf8 38. Re8# 1-0

[Event "*** Titled Tuesday Blitz"]
[Site "Chess.com"]
[Date "2019.04.02"]
[Round "3"]
[White "maestroza"]
[Black "almaguerjm"]
[Result "1-0"]
[WhiteElo "2480"]
[BlackElo "2288"]
[TimeControl "180+2"]
[EndTime "14:35:29 PDT"]
[Termination "maestroza won by resignation"]

1. e4 c5 2. Nf3 Nc6 3. Bb5 e6 4. O-O Nge7 5. Re1 Nd4 6. Nxd4 cxd4 7. d3 a6 8. Ba4 b5 9. Bb3 Bb7 10. a4 d5 11. Bg5 dxe4 12. dxe4 h6 13. Bh4 Qb6 14.
axb5 axb5 15. Rxa8+ Bxa8 16. Nd2 Ng6 17. Bg3 Bb4 18. Re2 h5 19. h4 e5 20. Nf3 f6 21.
c3 dxc3 22. bxc3 Bxc3 23. Qd3 Bb4 24. Ra2 Bc6 25. Rc2 Ke7 26. Bf7 Rd8 27. Qb3 Nf8 28.
Qxb4+ Rd6 29. Bd5 Bxd5 30. exd5 Nd7 31. Rc6 Qb8 32. Nd2 f5 33. f3 f4 34. Bf2 Nf6 35. Rxd6 Ne8 36. Rb6+ 1-0

[Event "*** Titled Tuesday Blitz"]
[Site "Chess.com"]
[Date "2019.04.02"]
[Round "3"]
[White "saraswathii"]
[Black "krzysztofszczurek"]
[Result "0-1"]
[WhiteElo "2245"]
[BlackElo "2398"]
[TimeControl "180+2"]
[EndTime "14:35:30 PDT"]
[Termination "krzysztofszczurek won by resignation"]

1. d4 Nf6 2. Bf4 d6 3. e3 g6 4. Nf3 Bg7 5. Be2 O-O 6. c4 Nbd7 7. h3 c5 8. O-O a6 9. Nc3 b6 10. d5 Rb8 11. Qc2 Bb7 12. e4 Ne8 13. Rfe1 Nc7 14. Bd3 Ba8 15. a4 f6 16. Bg3 Ne5 17.
Be2 Bb7 18. Nd2 Bc8 19. f4 Nf7 20. Nf3 Bd7 21. Bd3 b5 22. axb5 axb5 23. cxb5 Nxb5 24. Nxb5 Bxb5 25. Bxb5 Rxb5 26. e5 dxe5 27. fxe5 Qxd5 28. exf6 Bxf6 29. Rad1 Qb3 30. Qe2 Qxb2 31. Nd2 Rbb8 32. Bxb8 Rxb8 33. Kh1 Qb7 34. Ne4 Rc8 35. Qg4 Rc6 36. Qf3 Qc7 37. Rd5 Kg7 38. Rc1 c4 39.
Qe2 Ne5 40. g4 Nd3 41. Rf1 Nf4 42. Nxf6 Rxf6 43. Rxf4 Rxf4 44. Re5 Rf7 45. Kg2 c3 46. Re4 c2 47. Rc4 c1=Q 0-1

[Event "*** Titled Tuesday Blitz"]
[Site "Chess.com"]
[Date "2019.04.02"]
[Round "3"]
[White "fm_magua"]
[Black "ENEASZ"]
[Result "0-1"]
[WhiteElo "2507"]
[BlackElo "2426"]
[TimeControl "180+2"]
[EndTime "14:35:31 PDT"]
[Termination "ENEASZ won by resignation"]

1. e4 d6 2. d4 Nf6 3. Nc3 e5 4.
Nf3 Nbd7 5. g4 Nxg4 6. Rg1 exd4 7. Nxd4 Nde5 8. h3 Nf6 9. Be3 d5 10. f4 Ng6 11. exd5 Nxd5 12. Nxd5 Qxd5 13. Bg2 Qa5+ 14. Bd2 Qb6 15. Qe2+ Be7 16. Be3 Qxb2 17. Rd1 O-O 18. f5 Bh4+ 19. Kf1 Ne7 20. Be4 Bf6 21. Qf2 Qxa2 22.
Kg2 a5 23. Kh1 a4 24. Bh6 Ng6 25. fxg6 hxg6 26. Bg5 Qa3 27. Rd3 Qe7 28. Bd5 Bxg5 29. Re1 Qf6 30. Nf3 c6 31. Ba2 Bf5 32. Nxg5 Qxg5 33.
Rg3 Qf6 34. Qc5 Rfe8 35. Rge3 Rxe3 36. Rxe3 Qa1+ 37. Kg2 Qxa2 0-1

[Event "*** Titled Tuesday Blitz"]
[Site "Chess.com"]
[Date "2019.04.02"]
[Round "3"]
[White "TheMagician"]
[Black "ilm2034"]
[Result "0-1"]
[WhiteElo "2261"]
[BlackElo "2437"]
[TimeControl "180+2"]
[EndTime "14:35:31 PDT"]
[Termination "ilm2034 won on time"]

1. d4 g6 2. e4 Bg7 3. Nf3 d6 4. Bc4 Nf6 5. Qe2 O-O 6. O-O Nc6 7. c3 Bg4 8. h3 Bxf3 9. Qxf3 e5 10. dxe5 Nxe5 11.
Qe2 Nxc4 12. Qxc4 Re8 13. Bg5 Qd7 14. Bxf6 Bxf6 15. Nd2 a5 16. a4 Ra6 17. Nf3 Rc6 18. Qd3 Rb6 19. Qc2 Qe6 20. Rfe1 Bg7 21. Rad1 Qc4 22. Nd2 Qc6 23. Re2 Rb4 24. Ra1 Rb6 25. Rd1 Qc5 26. Nf3 Qc4 27. Nd4 Qa2 28. Nb5 Qc4 29.
b3 Qc5 30. Rd5 Qc6 31. Rd1 Ra6 32. Qd3 Rea8 33. Qd5 Re8 34. c4 Rb6 35. Qd3 Qc5 36. Qf3 Ra6 37. Rd5 Qc6 38. g3 Raa8 39. Kg2 Re7 40.
Qd3 Rae8 41. Nd4 Qb6 0-1

[Event "*** Titled Tuesday Blitz"]
[Site "Chess.com"]
[Date "2019.04.02"]
[Round "3"]
[White "Eliwood44"]
[Black "WPWPWP-2015"]
[Result "0-1"]
[WhiteElo "2208"]
[BlackElo "2381"]
[TimeControl "180+2"]
[EndTime "14:35:35 PDT"]
[Termination "WPWPWP-2015 won by resignation"]

1. d4 Nf6 2. Nf3 d5 3. c4 c6 4. Qc2 dxc4 5. e4 b5 6. b3 cxb3 7. axb3 e6 8. Bd2 a5 9. Bd3 Na6 10. Qxc6+ Bd7 11. Qb7 Nb4 12. Bxb4 Bxb4+ 13. Nbd2 Rb8 14. Qa6 Ra8 15. Qb7 Rb8 16. Qa6 O-O 17. O-O Ra8 18. Qb7 Rb8 19. Qa6 Bc8 20. Qa7 Nd7 21.
Rfc1 Rb7 22. Qa6 Rc7 23. Qa8 Nb6 24. Qb8 Rxc1+ 25. Rxc1 Bxd2 26. Nxd2 Qxd4 27. Nf1 a4 28. bxa4 bxa4 29. Qg3 e5 30. Bb1 Be6 31. Ne3 Qb2 32. Rf1 a3 33. Nf5 Bxf5 34. exf5 a2 35. Bxa2 Qxa2 36.
Qxe5 Qd5 37. Qc7 Nd7 38. Qf4 Nf6 39. h3 Qe4 40. Qg5 h6 41. Qd2 Re8 42. Re1 Qxe1+ 0-1

[Event "*** Titled Tuesday Blitz"]
[Site "Chess.com"]
[Date "2019.04.02"]
[Round "3"]
[White "Andreikka"]
[Black "KenanGarayev"]
[Result "0-1"]
[WhiteElo "2860"]
[BlackElo "2752"]
[TimeControl "180+2"]
[EndTime "14:35:44 PDT"]
[Termination "KenanGarayev won on time"]

1. e4 e5 2. Nf3 Nf6 3. Nxe5 d6 4.
Nf3 Nxe4 5. Nc3 Nxc3 6. dxc3 Be7 7. Be3 O-O 8. Qd2 Nd7 9. O-O-O c6 10. h4 d5 11. Kb1 Re8 12. Bd3 Nc5 13. Ng5 h6 14. Bh7+ Kf8 15. c4 hxg5 16. hxg5 Bd6 17.
cxd5 cxd5 18. Qxd5 Rxe3 19. fxe3 Ke7 20. Bf5 Bxf5 21.
Qxf5 Qc8 22. Qf3 Qe6 23. Rd4 Be5 24. Rd5 Rc8 25. Rhd1 b6 26. g6 fxg6 27. e4 g5 28. Qe3 Qf6 29. Qh3 Rc7 30. Rd8 Ne6 31. Qa3+ Kf7 32. Ra8 a5 33. Qd3 Kg6 34. Rf1 Nf4 35.
Qd1 Bxb2 36. g3 Ba3 37. e5 Qxe5 38. c3 Qxc3 0-1

[Event "*** Titled Tuesday Blitz"]
[Site "Chess.com"]
[Date "2019.04.02"]
[Round "3"]
[White "AryanTari"]
[Black "Amirreza_p"]
[Result "1-0"]
[WhiteElo "2831"]
[BlackElo "2766"]
[TimeControl "180+2"]
[EndTime "14:35:48 PDT"]
[Termination "AryanTari won by resignation"]

1. Nf3 d5 2. g3 Bg4 3. Bg2 Nd7 4. d4 e6 5. h3 Bh5 6. O-O Be7 7. c4 c6 8. Qb3 Qb6 9. c5 Qxb3 10. axb3 a6 11.
Nc3 Ngf6 12. b4 Rc8 13. Nd2 O-O 14. Nb3 Bd8 15. Bf4 Re8 16. Na5 Bxa5 17. bxa5 e5 18. dxe5 Nxe5 19. Bxe5 Rxe5 20. g4 d4 21. Na4 Nxg4 22.
hxg4 Bxg4 23. Rfd1 Rd8 24. Bf3 Bf5 25. Rd2 Be6 26. Rad1 g6 27. Rxd4 Rxd4 28. Rxd4 Bb3 29. Nc3 Rxc5 30. Rb4 Be6 31. Rxb7 Rg5+ 32. Kf1 Rxa5 33.
Bxc6 Rc5 34. Bf3 Kg7 35. Rb6 a5 36. Rb5 Rxb5 37. Nxb5 Kf6 38. Nd6 Ke5 39. Nb7 a4 40.
Nc5 Kd4 41. Nxa4 Kc4 42. Nb6+ Kb3 43. Bd5+ Kxb2 44. Bxe6 fxe6 45. Nd7 Kc3 46. Nf8 1-0

[Event "*** Titled Tuesday Blitz"]
[Site "Chess.com"]
[Date "2019.04.02"]
[Round "3"]
[White "PelinGorki"]
[Black "NikolaN98"]
[Result "1-0"]
[WhiteElo "2525"]
[BlackElo "2518"]
[TimeControl "180+2"]
[EndTime "14:35:48 PDT"]
[Termination "PelinGorki won by resignation"]

1. e4 c5 2. a3 e6 3. b4 cxb4 4. axb4 Bxb4 5. Bb2 Nf6 6. g4 h6 7. Bg2 Nc6 8. Ne2 d5 9. exd5 exd5 10. h3 Be6 11. O-O Qe7 12. Nbc3 O-O 13. Nb5 a6 14.
Nbd4 Nxd4 15. Nxd4 Rae8 16. Re1 Qd8 17. f4 Qb6 18.
Kh1 Bd7 19. Rb1 Qd6 20. Rf1 Ne4 21. Bxe4 Rxe4 22. Qf3 Bxd2 23. Nf5 Qxf4 24. Qg2 Qg5 25. Nxg7 Bxg4 26. Bf6 Qg6 27. hxg4 Rxg4 28. Qxd2 Qe4+ 29. Kh2 Rc8 30. Rf2 Rc6 31. Nh5 Rg6 32. Rg2 Kh7 33. Rf1 Re6 34. Rxg6 fxg6 35. Ng3 Qg4 36. Qxd5 h5 37.
Qd7+ 1-0

[Event "*** Titled Tuesday Blitz"]
[Site "Chess.com"]
[Date "2019.04.02"]
[Round "3"]
[White "fidezivkovic"]
[Black "wannabe2700"]
[Result "1/2-1/2"]
[WhiteElo "2312"]
[BlackElo "2596"]
[TimeControl "180+2"]
[EndTime "14:35:48 PDT"]
[Termination "Game drawn by repetition"]

1. e4 e5 2. Nf3 Nf6 3. Nxe5 d6 4. Nf3 Nxe4 5. Nc3 Nxc3 6. dxc3 Be7 7. Be3 O-O 8. Qd2 Nd7 9. O-O-O Ne5 10. h4 Bg4 11. Be2 Nxf3 12. gxf3 Bh5 13. Rdg1 c6 14. Rg3 Bf6 15.
Rhg1 Kh8 16. Bg5 Rg8 17. Bd3 d5 18. Qf4 Bg6 19. Kd2 Qb8 20. Qxb8 Raxb8 21. Bxf6 gxf6 22.
f4 Bh5 23. Rxg8+ Rxg8 24. Rxg8+ Kxg8 25. Bf5 b6 26. Ke3 c5 27. Bd7 Bd1 28. Bc6 Bxc2 29. Bxd5 h6 30. b4 Kf8 31. Kd2 Ba4 32. Ke3 Ke7 33.
Ke4 Bc2+ 34. Kf3 Bd1+ 35. Ke4 Bc2+ 36. Kf3 Bd1+ 37. Ke4 Bc2+ 38. Kf3 Bd1+ 1/2-1/2

[Event "*** Titled Tuesday Blitz"]
[Site "Chess.com"]
[Date "2019.04.02"]
[Round "3"]
[White "santosalberto1987"]
[Black "Saitama_Hero"]
[Result "1-0"]
[WhiteElo "2406"]
[BlackElo "2227"]
[TimeControl "180+2"]
[EndTime "14:35:49 PDT"]
[Termination "santosalberto1987 won on time"]

1. e4 d6 2. d4 g6 3. Nc3 Bg7 4. Be3 c6 5. Qd2 b5 6. Bd3 Nd7 7. O-O-O Rb8 8. Nf3 Nb6 9. h4 h5 10. e5 b4 11. Ne4 Nd5 12. Neg5 Qa5 13. Bc4 Nh6 14. Rhe1 Ng4 15. exd6 Ngxe3 16. fxe3 f6 17. Ne4 Bf5 18. Ng3 Be6 19. dxe7 Kxe7 20. Ne4 Rhd8 21. Nc5 Bf7 22. Qd3 Nc3 23. Bxf7 Kxf7 24. Qc4+ Rd5 25. e4 Nxa2+ 26. Kd2 Qxc5 27. Qxc5 Rxc5 28. dxc5 Rb5 29.
Ra1 b3 30. Nd4 Bh6+ 31. Ke2 Rxc5 32. cxb3 Nb4 33. Rxa7+ Kg8 34. Rd1 Re5 35. Kf3 g5 36.
Nf5 g4+ 37. Kf2 Bf8 38. Rd8 1-0

[Event "*** Titled Tuesday Blitz"]
[Site "Chess.com"]
[Date "2019.04.02"]
[Round "3"]
[White "Raja3401"]
[Black "ALeks_Ivlev"]
[Result "1-0"]
[WhiteElo "2734"]
[BlackElo "2482"]
[TimeControl "180+2"]
[EndTime "14:35:50 PDT"]
[Termination "Raja3401 won by resignation"]

1. e4 e5 2. Nf3 Nc6 3. Bb5 a6 4. Ba4 Nf6 5. O-O b5 6. Bb3 Be7 7.
d3 d6 8. a3 O-O 9. Nc3 Na5 10.
Ba2 c5 11. b4 cxb4 12. axb4 Nc6 13. Nd5 Nxd5 14. Bxd5 Qc7 15. c3 Be6 16. Qb3 Bxd5 17. Qxd5 Bf6 18. Bd2 Ne7 19. Qb3 Rfd8 20. Ra5 d5 21.
Rfa1 dxe4 22. dxe4 Qc6 23. Qc2 h6 24. h3 Rd6 25.
Be3 Ng6 26. Bc5 Re6 27. c4 bxc4 28. Qxc4 Kh7 29. g3 Bd8 30. R5a3 Rf6 31. h4 Bc7 32.
Qd5 Qxd5 33. exd5 e4 34. Nd2 Be5 35. R1a2 e3 36. Rxe3 h5 37. Ne4 Rf5 38. b5 a5 39.
b6 Bb8 40. Ng5+ Kh6 41. Re8 Rxd5 42. Nxf7+ Kh7 43. Ng5+ Kh6 44. b7 Ra6 45. Nf7+ Kh7 46. Rxb8 Rxc5 47. Rc8 Rb5 48. b8=Q Rxb8 49. Rxb8 Ne7 50.
Ng5+ Kg6 51. Rb5 a4 52. Rb4 a3 53. Rb3 Rd6 54. Rbxa3 Kf5 55. Ra5+ Kg4 56. R2a4+ 1-0

[Event "*** Titled Tuesday Blitz"]
[Site "Chess.com"]
[Date "2019.04.02"]
[Round "3"]
[White "eldur16"]
[Black "PulpanJ"]
[Result "1-0"]
[WhiteElo "2494"]
[BlackElo "2676"]
[TimeControl "180+2"]
[EndTime "14:35:51 PDT"]
[Termination "eldur16 won by checkmate"]

1. e4 e5 2. Nf3 Nc6 3. Bb5 Nf6 4.
d3 Bc5 5. Bxc6 dxc6 6. Qe2 Nd7 7. Nc3 O-O 8. Be3 Bd6 9. Nd2 Nc5 10. Nc4 Ne6 11.
g3 Nd4 12. Bxd4 exd4 13. Nb1 Be7 14. a4 f5 15. Nbd2 fxe4 16. Nxe4 Bh3 17. f4 Bb4+ 18. c3 dxc3 19. bxc3 Be7 20. Ne5 Bd6 21. Qa2+ Kh8 22. Nf7+ Rxf7 23. Qxf7 Bg2 24. Kf2 Bxh1 25. Rxh1 h6 26. Re1 a5 27. h4 b5 28. axb5 cxb5 29. Qd5 Rb8 30. Ng5 hxg5 31. hxg5 Bc5+ 32. Qxc5 Qxd3 33.
Qxc7 Rd8 34. g6 Qd2+ 35. Re2 Qd5 36. Qe7 Kg8 37. Qe8+ Rxe8 38. Rxe8# 1-0

[Event "*** Titled Tuesday Blitz"]
[Site "Chess.com"]
[Date "2019.04.02"]
[Round "3"]
[White "oskariot"]
[Black "suyu28"]
[Result "1-0"]
[WhiteElo "2618"]
[BlackElo "2554"]
[TimeControl "180+2"]
[EndTime "14:35:52 PDT"]
[Termination "oskariot won by resignation"]

1. c4 Nf6 2. g3 g6 3. Bg2 Bg7 4. Nc3 O-O 5. e4 e5 6. Nge2 Nc6 7. d3 d6 8. O-O Nd7 9. f4 Nc5 10. f5 Nd4 11. Nxd4 exd4 12. Nd5 c6 13. f6 cxd5 14.
fxg7 Kxg7 15. cxd5 a5 16. b3 Nd7 17. Bb2 Ne5 18.
Bxd4 Bd7 19. Qd2 f6 20. h3 Bb5 21. Rf4 Nxd3 22. Bf1 Nxf4 23. Bxb5 Nh5 24. g4 Ng3 25. Qg2 Qe7 26. Re1 Rac8 27. Qxg3 Rc2 28. g5 Kg8 29. gxf6 Rxf6 30. Bxf6 Qxf6 31. Bd7 Rxa2 32. e5 dxe5 33. Be6+ Kg7 34. Qxe5 b5 35. d6 Rd2 36. d7 a4 37.
bxa4 bxa4 38. Qxf6+ Kxf6 39. Bg4 h5 40. Re8 hxg4 41. d8=Q+ Rxd8 42. Rxd8 gxh3 43. Ra8 Kf5 44. Rxa4 g5 45. Kh2 g4 46. Kg3 1-0

[Event "*** Titled Tuesday Blitz"]
[Site "Chess.com"]
[Date "2019.04.02"]
[Round "3"]
[White "CzechmVIII"]
[Black "gemarin"]
[Result "0-1"]
[WhiteElo "2117"]
[BlackElo "2056"]
[TimeControl "180+2"]
[EndTime "14:35:52 PDT"]
[Termination "gemarin won by resignation"]

1. e4 c5 2. Nf3 d6 3. Nc3 a6 4. d4 cxd4 5. Nxd4 Nf6 6. Bg5 e6 7. f4 Qb6 8. Qd2 Qxb2 9. Nb3 Qa3 10. Bxf6 gxf6 11. Be2 Nc6 12. O-O Bd7 13. Bh5 Rc8 14. Rad1 Na5 15. Nd5 Nxb3 16. Nxf6+ Ke7 17. axb3 Qc5+ 18.
Kh1 Kxf6 19. e5+ Kg7 20. f5 h6 21. f6+ Kg8 22. Rf3 Rh7 23. Rg3+ Kh8 24. Bf3 Qxe5 25. Bxb7 Rc7 26. Bf3 Qxf6 27. Rf1 Qc3 28. Qf4 Bb5 29.
Be4 Qe5 30. Qxe5+ dxe5 31. Bxh7 Bxf1 32. Be4 Bb4 33. Rf3 Bb5 34. c4 Be8 35. h3 f5 36.
Bb1 e4 37. Rg3 Rd7 0-1

[Event "*** Titled Tuesday Blitz"]
[Site "Chess.com"]
[Date "2019.04.02"]
[Round "3"]
[White "Caisachess"]
[Black "ristingho"]
[Result "1-0"]
[WhiteElo "2401"]
[BlackElo "2495"]
[TimeControl "180+2"]
[EndTime "14:35:52 PDT"]
[Termination "Caisachess won on time"]

1. e4 c6 2. d4 d5 3. exd5 cxd5 4. c4 Nf6 5. Nf3 Nc6 6. Nc3 Bg4 7. cxd5 Nxd5 8.
Qb3 Bxf3 9. gxf3 Nb6 10. d5 Ne5 11. Be2 g6 12. Be3 Bg7 13. Bxb6 axb6 14. Qb5+ Nd7 15.
d6 O-O 16. O-O Ra5 17. Qd3 exd6 18. f4 Qf6 19. Nd5 Qxb2 20. Rab1 Qd4 21. Qxd4 Bxd4 22. Bc4 Kg7 23. Kg2 Bc5 24. Bb3 Raa8 25. Rfe1 Rfe8 26.
Nc7 Rxe1 27. Rxe1 Rc8 28. Nd5 Nf6 29. Re7 Re8 30. Rxb7 Re2 31. Nxf6 Rxf2+ 32. Kg3 d5 33. Nxd5 Rd2 34. Nxb6 Kh6 35. Nd7 Rd3+ 36. Kg2 Rd2+ 37. Kf3 Rd3+ 38. Ke4 Rd4+ 39. Kf3 Rd3+ 40. Ke2 Re3+ 41.
Kd2 Rh3 42. Nxc5 Rxh2+ 43. Ke3 f5 44. Bg8 Rh3+ 45. Kd4 1-0

[Event "*** Titled Tuesday Blitz"]
[Site "Chess.com"]
[Date "2019.04.02"]
[Round "3"]
[White "Hikaru"]
[Black "Gordima"]
[Result "1-0"]
[WhiteElo "3187"]
[BlackElo "2712"]
[TimeControl "180+2"]
[EndTime "14:35:53 PDT"]
[Termination "Hikaru won by resignation"]

1. Nf3 c5 2. b3 b6 3. e4 Bb7 4. Nc3 Nf6 5. e5 Nd5 6. Bc4 Nf4 7. O-O Ng6 8. Re1 e6 9. d4 cxd4 10. Nxd4 a6 11. Ne4 Nxe5 12. Bg5 Qc7 13. Nf5 Nxc4 14. bxc4 Bxe4 15. Rxe4 Nc6 16. Bf4 d6 17. Nxd6+ Bxd6 18. Bxd6 Qd7 19. Re3 Ne7 20. Rd3 Ng6 21. Rb1 Qc6 22.
Rdb3 b5 23. cxb5 axb5 24. Rxb5 Rc8 25. Rb8 Ne7 26. Rxc8+ Nxc8 27. Rb8 f6 28. c4 Kf7 29. c5 Rd8 30. Qb1 Kg8 31. h3 Re8 32. Qb5 Qxb5 33. Rxb5 Nxd6 34. cxd6 Rd8 35. Rb6 Kf7 36. a4 Ra8 37. Rb7+ Kf8 38. a5 Ra6 39. Rb8+ 1-0

[Event "*** Titled Tuesday Blitz"]
[Site "Chess.com"]
[Date "2019.04.02"]
[Round "3"]
[White "gonzaga23"]
[Black "Panchenko_Dmitry"]
[Result "1-0"]
[WhiteElo "2361"]
[BlackElo "2535"]
[TimeControl "180+2"]
[EndTime "14:35:54 PDT"]
[Termination "gonzaga23 won on time"]

1. e4 e5 2. Nf3 Nc6 3. Bc4 Bc5 4. c3 Nf6 5. d4 exd4 6. cxd4 Bb4+ 7. Bd2 Bxd2+ 8.
Nbxd2 d5 9. exd5 Nxd5 10. Qb3 Nce7 11. O-O O-O 12. Rfe1 c6 13. Re2 Nf4 14. Re4 Ned5 15.
Rae1 Qf6 16. Re8 b5 17. Rxf8+ Kxf8 18. Qa3+ b4 19. Qa5 g6 20. Ne4 Qe7 21. Neg5 Qd6 22. Nxh7+ Kg7 23. Nhg5 Bf5 24. Ne5 f6 25. Ngf7 Qe7 26.
Nd3 Ne2+ 27. Kf1 Re8 28. Nfe5 Nxd4 29. Nf3 Ne6 30. Nf4 Ndxf4 31. Nd4 Qd6 32. Nxf5+ gxf5 33. Qxf5 Re7 34. g3 Nd4 35. Qg4+ 1-0

[Event "*** Titled Tuesday Blitz"]
[Site "Chess.com"]
[Date "2019.04.02"]
[Round "3"]
[White "robbykevlishvili"]
[Black "Twiceblessed"]
[Result "1-0"]
[WhiteElo "2830"]
[BlackElo "2584"]
[TimeControl "180+2"]
[EndTime "14:35:55 PDT"]
[Termination "robbykevlishvili won by resignation"]

1. e4 e5 2. Nf3 Nf6 3. Nxe5 d6 4. Nf3 Nxe4 5. d3 Nf6 6. d4 d5 7. Bd3 Be7 8. O-O O-O 9. Bf4 Bg4 10. h3 Bh5 11.
Nbd2 Nbd7 12. c3 c6 13. Re1 Re8 14. Qb3 Qb6 15. Ne5 Bg6 16. Bxg6 hxg6 17. Re3 Nxe5 18. Bxe5 Qxb3 19. axb3 Nd7 20. Bf4 g5 21. Bg3 f6 22. b4 Nb6 23. Bc7 Kf7 24. Kf1 Bd8 25.
Rxe8 Kxe8 26. Bxd8 Kxd8 27. Ke2 Kc7 28. Kd3 a6 29.
Re1 Kd6 30. Nb3 Nc4 31. Nc5 b6 32. Re6+ Kc7 33. Re7+ Kc8 34. Ne6 Nxb2+ 35. Kc2 Nc4 36. Rxg7 a5 37. Rg8+ Kb7 38. Rxa8 Kxa8 39. bxa5 bxa5 40.
Nd8 a4 41. Nxc6 a3 42. Nb4 Kb7 43. Kb3 Nd2+ 44. Kxa3 Ne4 45. Nxd5 Kc6 46. f3 Nd6 47.
Nxf6 1-0

[Event "*** Titled Tuesday Blitz"]
[Site "Chess.com"]
[Date "2019.04.02"]
[Round "3"]
[White "MaxLeto"]
[Black "Joseph_Truelson"]
[Result "1-0"]
[WhiteElo "2321"]
[BlackElo "2275"]
[TimeControl "180+2"]
[EndTime "14:35:55 PDT"]
[Termination "MaxLeto won by checkmate"]

1. d4 d6 2. Bf4 g6 3. e3 Bg7 4. h4 e5 5. Bg3 Nc6 6. c3 Nge7 7.
d5 Nb8 8. e4 h5 9. f3 c6 10. c4 cxd5 11. cxd5 Nd7 12. Nc3 O-O 13. Bd3 a6 14. a4 Nc5 15. Bc2 f5 16. b4 Nd7 17.
Nge2 Nf6 18. Qd2 Bd7 19. O-O Rc8 20. a5 fxe4 21. Nxe4 Nxe4 22. Bxe4 Bb5 23. Bf2 Nf5 24. g3 Qf6 25. Kg2 Kh8 26. Rfe1 Bxe2 27. Qxe2 Rc7 28. Bb6 Rc3 29. Qd2 Rfc8 30. Rac1 Rxc1 31. Rxc1 Rxc1 32.
Qxc1 Qf7 33. Qc8+ Kh7 34. Bc7 Nd4 35. Bxd6 Bh6 36. Bxe5 Ne2 37. Qh8# 1-0

[Event "*** Titled Tuesday Blitz"]
[Site "Chess.com"]
[Date "2019.04.02"]
[Round "3"]
[White "x-6099009240"]
[Black "hellokostya"]
[Result "0-1"]
[WhiteElo "2348"]
[BlackElo "2508"]
[TimeControl "180+2"]
[EndTime "14:35:55 PDT"]
[Termination "hellokostya won by resignation"]

1. e4 c5 2. Nf3 e6 3. d4 cxd4 4. Nxd4 Nc6 5. Nc3 Qc7 6. Be3 a6 7. Qd2 Nf6 8. O-O-O Bb4 9. f3 Ne7 10. Qe1 Bxc3 11. Qxc3 Qxc3 12. bxc3 d5 13. e5 Nd7 14. f4 b6 15. c4 Bb7 16. cxd5 Nxd5 17. Bd2 Rc8 18. Kb2 b5 19. Bc1 N7b6 20. Rg1 Na4+ 21.
Ka1 h5 22. Be2 g6 23. Bf3 Kf8 24. Rd3 Kg7 25. g3 Rc3 26. Rxc3 Naxc3 27. Bd2 Rc8 28. Re1 Rc4 29. Bxc3 Rxc3 30. Kb2 Rc4 31. Nb3 Rc7 32. Na5 Ba8 33. a3 Rc8 34. Bxd5 Bxd5 35. Re3 h4 36.
Rc3 Rh8 37. g4 h3 38. Nb3 g5 39. f5 exf5 40. gxf5 Re8 41. Re3 g4 42. Nd4 Kh6 43. Ne2 Kg5 44. Ng3 Kf4 45. Re1 Rxe5 46. Nh5+ Kxf5 47. Ng7+ Kf6 48. Nh5+ Rxh5 0-1